 Dungeon Crawl Stone Soup version 0.24-a0-139-geb6712d (webtiles) character file.

Game seed: 9688834872539841120

37 Anon1729 the Ducker (level 3, 17/17 HPs)
             Began as a Felid Monk on Mar 2, 2019.
             Quit the game on level 2 of the Dungeon.
             The game lasted 00:02:30 (1609 turns).

Anon1729 the Ducker (Felid Monk)                    Turns: 1609, Time: 00:02:31

Health: 17/17      AC:  1    Str:  7    XL:     3   Next: 23%
Magic:  4/4        EV: 20    Int: 12    God:
Gold:   113        SH:  0    Dex: 18    Spells: 2/2 levels left
                                        Lives:  0   Deaths: 1

rFire    . . .     SeeInvis +     - Unarmed
rCold    . . .     Gourm    .   (shield unavailable)
rNeg     . . .     Faith    .   (armour unavailable)
rPois    .         Spirit   .   (helmet unavailable)
rElec    .         Reflect  .   (cloak unavailable)
rCorr    .         Harm     .   (gloves unavailable)
MR       .....                  (boots unavailable)
Stlth    +++.......             (no amulet)
HPRegen  0.05/turn              (no ring)
MPRegen  0.09/turn              (no ring)

@: quick
A: very small, no armour, no weapons or thrown items, stealth, claws 1, fangs 3,
see invisible, carnivore, speed 1, shaggy fur 1, slow metabolism 1, sharp paws
a: no special abilities


You were on level 2 of the Dungeon.
You were not hungry.

You visited 1 branch of the dungeon, and saw 3 of its levels.

You collected 113 gold pieces.

Inventory:

Scrolls
 e - a scroll of fear {unknown}
 g - 4 scrolls of teleportation {unknown}
Potions
 b - a potion of lignification {unknown}
 c - a potion of haste {unknown}
 d - a potion of resistance {unknown}
 f - a potion of might {unknown}
Comestibles
 a - 3 rations


   Skills:
 + Level 3.3 Fighting
 + Level 4.6 Dodging
 + Level 4.1 Stealth
 + Level 3.9 Unarmed Combat


You had 2 spell levels left.
You didn't know any spells.
Your spell library was empty.

Dungeon Overview and Level Annotations

Branches:
Dungeon (3/15)

Altars:
Xom


Innate Abilities, Weirdness & Mutations

You cannot wear armour.
You are incapable of wielding weapons or throwing items.
Your paws allow you to move quietly. (Stealth)
You have sharp claws.
You have razor-sharp teeth.
You have supernaturally acute eyesight. (SInv)
You are carnivorous and can eat meat at any time.
You cover ground quickly.
You are covered in fur. (AC +1)
You have a slow metabolism.
Your sharp claws are effective at attacking unaware monsters.


Message History

Unknown command.
All of the chunks of flesh in your inventory have rotted away.
You see here 19 arrows.
You see here a ring mail.
There is a stone staircase leading up here.
The gnoll hits you with a +0 club.
You climb upwards.
There is a stone staircase leading down here.
Unknown command.
You barely miss the gnoll. You bite the gnoll, but do no damage.
The gnoll is moderately wounded.
The gnoll closely misses you.
You scratch the gnoll.
The gnoll is heavily wounded.
The gnoll hits you with a +0 club!
You die...
You are now level 3!
You rejoin the land of the living...
Unknown command.
Are you sure you want to abandon this character and quit the game? (Confirm with "yes".)

#####..#####
#..........#
#..........#
###########..........#
#....................#
#....................#
#...........#####..###
###...........# ##.###
#......@......# #..##
#...########### ##.##
#...# #..# #...# ##.#
#...# #.. #...# ##.
#...# #. ##### ##


There were no monsters in sight!

Vanquished Creatures
  An adder (D:2)
  3 oozes
  2 worms (D:2)
  5 dart slugs
  A leopard gecko (D:1)
  4 giant cockroaches (D:1)
  8 goblins
  3 hobgoblins (D:2)
  2 jackals (D:1)
  A quokka (D:2)
  3 bats
  2 frilled lizards
  5 kobolds
  4 rats
44 creatures vanquished.

Notes
Turn   | Place    | Note
-------+----------+-------------------------------------------
     0 | D:1      | Anon1729 the Felid Monk began the quest for the Orb.
     0 | D:1      | Reached XP level 1. HP: 10/10 MP: 2/2
    45 | D:1      | Reached XP level 2. HP: 14/14 MP: 3/3
   201 | D:1      | Reached XP level 3. HP: 11/17 MP: 4/4
  1345 | D:2      | Reached XP level 4. HP: 17/21 MP: 5/5
  1379 | D:2      | Found a shimmering altar of Xom.
  1608 | D:2      | Slain by a gnoll
  1609 | D:2      | Reached XP level 3. HP: -1/17 MP: 4/4
  1609 | D:2      | Quit the game

Levels and vault maps discovered:
D:1:      erik_arrival_gehennom, layout_rooms
D:2:      layout_basic, lemuel_doored_altar
D:3:      layout_basic, serial_forest, infiniplex_forest_clump_double,
          infiniplex_forest_corner_1, infiniplex_forest_zigzag_1,
          infiniplex_forest_lined_4_way, infiniplex_forest_clump_medium,
          infiniplex_forest_straight_3, infiniplex_forest_straight_3,
          minivault_14, kennysheep_cross_bottleneck, minmay_fountain_box,
          grunt_decor_mini_mirrors, hex_medium

Skill      XL: |  1  2  3 |
---------------+----------+-----
Stealth        | 3 4 |  4.1
Fighting       | |  3.3
Dodging        | |  4.6
Unarmed Combat | |  3.9

Action                   |  1- 3 |  4- 6 || total
-------------------------+-------+-------++-------
Melee: Unarmed           |   111 |    11 ||   122
       Bite              |     8 |     2 ||    10
       Punch             |     1 |       ||     1
 Stab: Sleeping          |    15 |     2 ||    17
  Eat: Chunk             |     8 |     1 ||     9
Armor: Skin              |     3 |     1 ||     4
Dodge: Dodged            |    81 |     6 ||    87

Table legend:
 A = Non-vault XP
 B = Vault XP
 C = Vault XP percentage of total XP
 D = Non-vault monster count
 E = Vault monster count
 F = Vault count percentage of total count
                 A         B        C        D         E       F
            +---------+---------+-------+---------+---------+-------
      Total |     103 |      18 |  14.9 |      39 |       5 |  11.4
            +---------+---------+-------+---------+---------+-------
        D:1 |      45 |      18 |  28.6 |      22 |       5 |  18.5
        D:2 |      56 |       0 |   0.0 |      16 |       0 |   0.0
        D:3 |       2 |       0 |   0.0 |       1 |       0 |   0.0
            +---------+---------+-------+---------+---------+-------
